 Dungeon Crawl Stone Soup version 0.21-a0-529-g8c7b3f5 (webtiles) character file.

1670 BingusPrime the Shield-Bearer (level 9, -8/72 HPs)
             Began as a Gnoll Fighter on Dec 10, 2017.
             Was an Initiate of Fedhas.
             Mangled by a flying skull (11 damage)
             ... on level 6 of the Dungeon.
             The game lasted 00:24:01 (5761 turns).

BingusPrime the Shield-Bearer (Gnoll Fighter)       Turns: 5761, Time: 00:24:01

Health: -8/72      AC:  9    Str: 21    XL:     9   Next: 1%
Magic:  14/14      EV: 11    Int: 10    God:    Fedhas [......]
Gold:   199        SH:  0    Dex: 16    Spells: 15/15 levels left

rFire    . . .     SeeInvis .   a - +0 war axe
rCold    . . .     Gourm    .   c - +0 shield
rNeg     . . .     Faith    +   b - +0 scale mail
rPois    .         Spirit   .   (no helmet)
rElec    .         Reflect  .   m - scarf {repulsion}
rCorr    .         Harm     .   r - +0 pair of gloves
MR       .....                  (no boots)
Stlth    ..........             v - amulet of faith
HPRegen  0.22/turn              (no ring)
MPRegen  0.14/turn              (no ring)

@: confused, berserk cooldown, flying, slowed, repel missiles, very slow
A: distributed training, fangs 1, strong nose
a: Fungal Bloom, Renounce Religion


You were on level 6 of the Dungeon.
You worshipped Fedhas.
Fedhas was noncommittal.
You were hungry.

You visited 2 branches of the dungeon, and saw 7 of its levels.
You visited the Abyss 1 time.

You collected 199 gold pieces.

Inventory:

Hand Weapons
 a - a +0 war axe (weapon)
 t - a +0 scythe
Missiles
 e - 161 stones (quivered)
Armour
 b - a +0 scale mail (worn)
 c - a +0 shield (worn)
 m - a scarf of repulsion (worn)
 r - a +0 pair of gloves (worn)
Jewellery
 s - an uncursed amulet of inaccuracy
 v - an amulet of faith (around neck)
 B - a +2 ring of protection {unknown}
 E - a cursed ring of teleportation {unknown}
Wands
 q - a wand of polymorph (30)
 D - a wand of acid (7)
Scrolls
 j - 2 scrolls of identify
 k - 2 scrolls of fear
 y - a scroll of remove curse
Potions
 d - 3 potions of might
 l - a potion of magic
 p - a potion of berserk rage
 x - a potion of curing {unknown}
 A - a potion of lignification {unknown}
 C - a potion of haste {unknown}
Books
 u - a book of Minor Magic

   Spells                             Type                      Level
   a - Magic Dart                     Conjuration                  1
   b - Blink                          Translocation                2
   c - Call Imp                       Summoning                    2
   d - Slow                           Hexes                        2
   e - Conjure Flame                  Conjuration/Fire             3
   f - Mephitic Cloud                 Conjuration/Poison/Air       3
Comestibles
 f - 3 bread rations
 g - 5 fruits
 h - 3 meat rations
 z - 2 royal jellies


   Skills:
 + Level 7.6 Fighting
 + Level 3.7 Short Blades
 + Level 3.7 Long Blades
 + Level 6.0 Axes
 + Level 3.7 Maces & Flails
 + Level 3.7 Polearms
 + Level 3.7 Staves
 + Level 3.7 Slings
 + Level 3.7 Bows
 + Level 3.7 Crossbows
 + Level 3.7 Throwing
 + Level 7.6 Armour
 + Level 3.7 Dodging
 + Level 3.7 Stealth
 + Level 7.6 Shields
 + Level 3.7 Unarmed Combat
 + Level 3.7 Spellcasting
 + Level 3.0 Conjurations
 + Level 3.0 Hexes
 + Level 3.0 Charms
 + Level 3.0 Summonings
 + Level 3.0 Necromancy
 + Level 3.0 Translocations
 + Level 3.0 Transmutations
 + Level 3.0 Fire Magic
 + Level 3.0 Ice Magic
 + Level 3.0 Air Magic
 + Level 3.0 Earth Magic
 + Level 3.0 Poison Magic
 + Level 4.1 Invocations
 + Level 3.7 Evocations


You had 15 spell levels left.
You didn't know any spells.

Dungeon Overview and Level Annotations

Branches:
Dungeon (6/15)             Temple (1/1) D:4

Altars:
Ashenzari
Cheibriados
Dithmenos
Elyvilon
Fedhas
Gozag
Hepliaklqana
Kikubaaqudgha
Makhleb
Nemelex Xobeh
Okawaru
Qazlal
Ru
Sif Muna
Trog
Uskayaw
Vehumet
Wu Jian
Xom
Yredelemnul
Zin
The Shining One


Innate Abilities, Weirdness & Mutations

Your experience applies equally to all skills.
You have very sharp teeth.
Your uncanny sense of smell can sniff out nearby items.


Message History

Something hits you but does no damage. The flying skull hits you!
* * * LOW HITPOINT WARNING * * *
Something hits you but does no damage. The flying skull hits you!
* * * LOW HITPOINT WARNING * * *
Okay, then.
Okay, then.
Unknown command.
Okay, then.
It was a potion of ambrosia.
You are confused.
You feel invigorated. Something hits you but does no damage.
The flying skull hits you.
* * * LOW HITPOINT WARNING * * *
You hear some strange, mumbled words.
A puff of flame appears from out of thin air!
The puff of flame hits you!
* * * LOW HITPOINT WARNING * * *
The flying skull hits you!
You die...
Fedhas appreciates your contribution to the ecosystem.

.... #...##
###8....##
#........#
###.##...(>.8..
..............#
#<8....#
∆#.#...## #@#
### #z# #z# ..#
.### .. ##


You could see 2 flying skulls.

Vanquished Creatures
  The ghost of Raine357 the Spear-Bearer, a novice OpFi (D:6)
  3 flying skulls
  Sigmund (D:3)
  A centaur (D:2)
  A scorpion (D:4)
  A howler monkey (D:4)
  A crimson imp (D:5)
  A centaur zombie (D:5)
  A quasit (D:5)
  A jelly (D:5)
  3 hounds (D:4)
  Crazy Yiuf (D:2)
  An orc wizard (D:6)
  4 worker ants
  2 adders
  3 worms
  A dart slug (D:1)
  5 leopard geckos
  5 orcs
  2 giant cockroaches (D:2)
  5 goblins
  4 hobgoblins
  10 jackals
  2 quokkas
  A ball python (D:2)
  4 bats (D:3)
  2 frilled lizards (D:2)
  7 kobolds
  A leopard gecko skeleton (D:5)
  5 rats
80 creatures vanquished.

Vanquished Creatures (others)
  3 toadstools (D:5)
3 creatures vanquished.

Grand Total: 83 creatures vanquished

Notes
Turn   | Place    | Note
-------+----------+-------------------------------------------
     0 | D:1      | BingusPrime the Gnoll Fighter began the quest for the Orb.
     0 | D:1      | Reached XP level 1. HP: 23/23 MP: 1/1
    63 | D:1      | Reached XP level 2. HP: 24/29 MP: 2/2
   860 | D:2      | Reached XP level 3. HP: 30/35 MP: 3/3
   872 | D:2      | Noticed a centaur
   884 | D:2      | Killed a centaur
   884 | D:2      | Reached skill level 1 in Short Blades
   884 | D:2      | Reached skill level 1 in Long Blades
   884 | D:2      | Reached skill level 1 in Maces & Flails
   884 | D:2      | Reached skill level 1 in Polearms
   884 | D:2      | Reached skill level 1 in Staves
   884 | D:2      | Reached skill level 1 in Slings
   884 | D:2      | Reached skill level 1 in Bows
   884 | D:2      | Reached skill level 1 in Crossbows
   884 | D:2      | Reached skill level 1 in Throwing
   884 | D:2      | Reached skill level 1 in Dodging
   884 | D:2      | Reached skill level 1 in Stealth
   884 | D:2      | Reached skill level 1 in Unarmed Combat
   884 | D:2      | Reached skill level 1 in Spellcasting
   884 | D:2      | Reached skill level 1 in Conjurations
   884 | D:2      | Reached skill level 1 in Hexes
   884 | D:2      | Reached skill level 1 in Charms
   884 | D:2      | Reached skill level 1 in Summonings
   884 | D:2      | Reached skill level 1 in Necromancy
   884 | D:2      | Reached skill level 1 in Translocations
   884 | D:2      | Reached skill level 1 in Transmutations
   884 | D:2      | Reached skill level 1 in Fire Magic
   884 | D:2      | Reached skill level 1 in Ice Magic
   884 | D:2      | Reached skill level 1 in Air Magic
   884 | D:2      | Reached skill level 1 in Earth Magic
   884 | D:2      | Reached skill level 1 in Poison Magic
   884 | D:2      | Reached skill level 1 in Invocations
   884 | D:2      | Reached skill level 1 in Evocations
   884 | D:2      | Reached XP level 4. HP: 16/41 MP: 3/5
  1160 | D:2      | Reached XP level 5. HP: 47/47 MP: 6/6
  1697 | D:2      | Found a runed door.
  1759 | D:2      | Noticed Crazy Yiuf
  1766 | D:2      | Killed Crazy Yiuf
  2086 | D:3      | Noticed Sigmund
  2108 | D:3      | Killed Sigmund
  2108 | D:3      | Reached skill level 5 in Axes
  2108 | D:3      | Reached XP level 6. HP: 15/53 MP: 8/8
  3009 | D:4      | Found a sparkling altar of Nemelex Xobeh.
  3387 | D:4      | Reached XP level 7. HP: 52/59 MP: 10/10
  3949 | D:4      | Found a staircase to the Ecumenical Temple.
  3985 | Temple   | Entered the Ecumenical Temple
  4415 | Temple   | Became a worshipper of Xom of Chaos
  4476 | Temple   | Fell from the grace of Xom
  4476 | Temple   | Became a worshipper of Fedhas Madash
  4645 | D:5      | Entered Level 5 of the Dungeon
  4835 | D:5      | XOM: torment (31/60 hp)
  4877 | D:5      | XOM: medium Fire miscast
  5414 | D:5      | XOM: summons 2 hostile demons
  5415 | D:5      | Noticed an ice devil
  5431 | D:6      | Noticed Raine357's ghost (novice OpFi)
  5598 | D:6      | Cast into level 1 of the Abyss (orc wizard)
  5714 | Abyss:1  | Noticed a large abomination
  5722 | Abyss:1  | XOM: swap monsters
  5734 | Abyss:1  | Noticed a flying skull
  5734 | Abyss:1  | Noticed a flying skull
  5737 | Abyss:1  | Noticed a flying skull
  5739 | Abyss:1  | Noticed a flying skull
  5742 | Abyss:1  | Noticed a flying skull
  5745 | Abyss:1  | Killed a flying skull
  5745 | Abyss:1  | Reached XP level 8. HP: 67/67 MP: 12/12
  5748 | Abyss:1  | Killed a flying skull
  5750 | D:6      | Escaped the Abyss
  5753 | D:6      | Killed a flying skull
  5759 | D:6      | Killed Raine357's ghost
  5760 | D:6      | Reached XP level 9. HP: 28/72 MP: 12/14
  5761 | D:6      | HP: 3/72 [something/puff of flame (12)]
  5761 | D:6      | Mangled by a flying skull

Vault maps used:
D:1:      dpeg_arrival_rooms_b, grunt_decor_fettered, minmay_misc_feat_room
D:2:      kennysheep_generic_room_13, uniq_crazy_yiuf_cottage
D:3:      uniq_sigmund
D:4:      nemelex_xobeh_ov_fountains_minmay, minmay_temple_entry_glassed_door,
          kennysheep_generic_room_9
D:5:      first_bread
D:6:      grunt_decor_arrowhead, grunt_ministairs_1, okawaru_trees_1
Temple:   regret_index_temple_sigil_plot
Abyss:1:  evilmike_abyss_exit_smiterflies

Skill      XL: |  1  2  3  4  5  6  7  8 |
---------------+-------------------------+-----
Short Blades   | 1 2 3 |  3.7
Long Blades    | 1 2 3 |  3.7
Maces & Flails | 1 2 3 |  3.7
Polearms       | 1 2 3 |  3.7
Staves         | 1 2 3 |  3.7
Slings         | 1 2 3 |  3.7
Bows           | 1 2 3 |  3.7
Crossbows      | 1 2 3 |  3.7
Throwing       | 1 2 3 |  3.7
Dodging        | 1 2 3 |  3.7
Stealth        | 1 2 3 |  3.7
Unarmed Combat | 1 2 3 |  3.7
Spellcasting   | 1 2 3 |  3.7
Conjurations   | 1 2 3 |  3.0
Hexes          | 1 2 3 |  3.0
Charms         | 1 2 3 |  3.0
Summonings     | 1 2 3 |  3.0
Necromancy     | 1 2 3 |  3.0
Translocations | 1 2 3 |  3.0
Transmutations | 1 2 3 |  3.0
Fire Magic     | 1 2 3 |  3.0
Ice Magic      | 1 2 3 |  3.0
Air Magic      | 1 2 3 |  3.0
Earth Magic    | 1 2 3 |  3.0
Poison Magic   | 1 2 3 |  3.0
Invocations    | 1 2 3 4 |  4.1
Evocations     | 1 2 3 |  3.7
Axes           | 5 6 |  6.0
Fighting       | 7 |  7.6
Armour         | 7 |  7.6
Shields        | 7 |  7.6

Action                   |  1- 3 |  4- 6 |  7- 9 || total
-------------------------+-------+-------+-------++-------
Melee: War axe           |    44 |   184 |   133 ||   361
       Bite              |     5 |    29 |     8 ||    42
Throw: Stone             |       |       |     2 ||     2
Invok: Fungal Bloom      |       |       |     3 ||     3
  Use: Scroll            |       |     7 |     4 ||    11
       Potion            |       |       |     5 ||     5
  Eat: Chunk             |       |     6 |       ||     6
       Bread ration      |       |     1 |     1 ||     2
Armor: Scale mail        |    18 |    67 |    64 ||   149
Dodge: Dodged            |     7 |    70 |    75 ||   152
       Deflected         |     1 |     3 |       ||     4
Block: Shield            |    26 |   110 |   106 ||   242

Table legend:
 A = Spawn XP
 B = Non-spawn XP
 C = Spawn XP percentage of total XP
 D = Spawn monster count
 E = Non-spawn monster count
 F = Spawn count percentage of total count
 G = Total turns spent on level
                    A         B        C        D         E        F      G
               +---------+---------+-------+---------+---------+-------+---------
         Total |     701 |    1686 |  29.4 |       3 |      77 |   3.8 |  5761
               +---------+---------+-------+---------+---------+-------+---------
           D:1 |       0 |      28 |   0.0 |       0 |      15 |   0.0 |   850
           D:2 |       0 |     200 |   0.0 |       0 |      19 |   0.0 |  1155
           D:3 |       0 |     254 |   0.0 |       0 |      13 |   0.0 |   888
           D:4 |       0 |     379 |   0.0 |       0 |      16 |   0.0 |  1240
           D:5 |       0 |     240 |   0.0 |       0 |      12 |   0.0 |   938
           D:6 |     234 |     585 |  28.6 |       1 |       2 |  33.3 |    26
       Abyss:1 |     467 |       0 | 100.0 |       2 |       0 | 100.0 |   152
               +---------+---------+-------+---------+---------+-------+---------
